Unix NetHack Version 5.0.0-0 post-release - last build Jul 19 2026 19:10:59 (3aa4ab31751d3886436d94b585a96704892fd477,branch:main).

Game began 2026-07-27 05:04:01, ended 2026-07-27 06:10:59.

Eisengrim, chaotic male elven Wizard

                                                     ----
                                                      ..         ----------
                                                     ..%         |........|
                                                     ..          |........|
                                                      .          |....<...|
                                                      #  ##      |........|
                                         -           ####%#######.........|
                                         |....      ######       |........|
                                         |        -+-.----       ----------
                                                  |......|
                                                  |Za^.f.|
                                                  |@o....|
                                                  --------

Eisengrim the Thaumaturge  St:12 Dx:14 Co:16 In:20 Wi:13 Ch:9  Chaotic
Dlvl:6  $:379 HP:0(64) Pw:64(93) AC:-2 Xp:8 T:6198 

Latest messages:
 The fire ant misses!
 The orc shaman points all around, then curses.
 The orc zombie just misses!
 The fire ant misses!
 The fire ant bites!
 You're on fire!
 The orc zombie misses!
 The fire ant bites!
 The fire ant misses!
 In what direction?
 The spell misses the fire ant.
 The fire ant bites!
 The fire ant bites again!
 You're on fire!
 The air crackles around the orc shaman.
 The orc zombie misses!
 The fire ant misses!
 The fire ant misses!
 In what direction?
 The spell misses the fire ant.
 The fire ant bites!
 The fire ant misses!
 The orc shaman points all around, then curses.
 The fire ant bites!
 The fire ant bites again!
 You're on fire!
 In what direction?
 The spell misses the fire ant.
 The fire ant just misses!
 The fire ant bites!
 You avoid harm.
 The orc shaman points at you, then curses.
 The fire ant bites!
 The fire ant bites again!
 You're on fire!
 In what direction?
 The spell hits the fire ant!
 The fire ant bites!
 The fire ant bites again!
 You're on fire!
 The orc shaman points at you, then curses.
 The fire ant misses!
 The fire ant bites!
 You're on fire!
 You die...
 Do you want your possessions identified? [ynq] (y)
 Do you want to see your attributes? [ynq] (y)
 Do you want an account of creatures vanquished? [ynaq] (y)
 Do you want to see your conduct and achievements? [ynq] (y)
 Do you want to see the dungeon overview? [ynq] (y)

Inventory:
 Coins    ('$')
  $ - 379 gold pieces
 Amulets  ('"')
  w - an uncursed amulet of unchanging
 Weapons  (')')
  a - a blessed +1 quarterstaff
 Armor    ('[')
  b - an uncursed +0 cloak of magic resistance (being worn)
  U - a blessed +0 dwarvish cloak
  E - a blessed +2 silver dragon scale mail (being worn)
 Comestibles  ('%')
  H - an uncursed slime mold
  t - an uncursed apple
  G - 4 uncursed food rations
  N - an uncursed tin of stir fried hill orc meat
 Scrolls  ('?')
  L - a blessed scroll of amnesia
  B - an uncursed scroll of amnesia
  r - an uncursed scroll of confuse monster
  i - an uncursed scroll of identify
  j - 2 uncursed scrolls of magic mapping
  v - a cursed scroll of remove curse
  h - an uncursed scroll of teleportation
 Potions  ('!')
  Y - an uncursed potion of booze
  f - an uncursed potion of extra healing
  F - an uncursed potion of gain ability
  p - 2 uncursed potions of healing
 Rings    ('=')
  e - an uncursed ring of invisibility
  z - a cursed ring of invisibility
  K - an uncursed +1 ring of protection
  d - an uncursed ring of teleport control
 Wands    ('/')
  q - a wand of cold (0:0)
  P - a wand of digging (0:7)
  g - a wand of light (0:11)
  O - a wand of magic missile (0:0)
  X - a wand of sleep (0:6)
  A - a wand of teleportation (0:0)
  c - a wand of undead turning (0:7)
 Tools    ('(')
  s - a horn of plenty (0:16) (wielded)
  n - an uncursed bell
  S - a cursed magic lamp
  m - a magic marker (0:22)
  Q - a blessed oil lamp (lit)
  Z - an uncursed oil lamp (lit)
  k - an uncursed skeleton key
  u - a blessed +0 unicorn horn

Eisengrim the Wizard's attributes:

Background:
 You were a Thaumaturge, a level 8 male elven Wizard.
 You were chaotic, on a mission for Anhur
 who was opposed by Ptah (lawful) and Thoth (neutral).
 You were left-handed.
 You were in the Dungeons of Doom, on level 6.
 You entered the dungeon 6198 turns ago.
 You had 2246 experience points, 314 more were needed to attain level 9.

Basics:
 You had 0 out of 64 hit points.
 You had 64 out of 93 energy points (spell power).
 Your armor class was -2.
 Your wallet contained 379 zorkmids.
 Autopickup was off.

Final Characteristics:
 Your strength was 12 (limit:18).
 Your dexterity was 14 (limit:18).
 Your constitution was 16 (limit:16).
 Your intelligence was 20 (limit:20).
 Your wisdom was 13 (limit:20).
 Your charisma was 9 (limit:18).

Final Status:
 You weren't hungry.
 You were unencumbered.
 You were wielding a tool.

Final Attributes:
 You were piously aligned.
 You were magic-protected.
 You were sleep resistant.
 You had infravision.
 You were warded.
 You had reflection.
 You are dead.

Miscellaneous:
 You didn't encounter any bones levels.
 Total elapsed playing time was 1 hour, 6 minutes and 55 seconds.

Major events:
 Turn
    1: Eisengrim the chaotic male elven Wizard entered the dungeon
 1040: attained the rank of Conjurer (level 3)
 1135: entered the Gnomish Mines
 1944: attained the rank of Thaumaturge (level 6)
 2848: reached Mine Town
 4692: made his first wish - "blessed +2 silver dragon scale mail", got "a silver dragon scale mail"
 6198: killed by a fire ant

Spells:
 Name                 Level Category     Fail Retention
 force bolt             1   attack         0%   66%-70%
 haste self             3   escape        63%   51%-75%

Skills:
 Fighting Skills
   bare handed combat [Unskilled]
   riding             [Unskilled]
 Weapon Skills
   dagger             [Unskilled]
   knife              [Unskilled]
   axe                [Unskilled]
   short sword        [Unskilled]
   club               [Unskilled]
   mace               [Unskilled]
   quarterstaff       [Basic]
   polearms           [Unskilled]
   spear              [Unskilled]
   trident            [Unskilled]
   sling              [Unskilled]
   dart               [Unskilled]
   shuriken           [Unskilled]
 Spellcasting Skills
   attack spells      [Skilled]
   healing spells     [Unskilled]
   divination spells  [Unskilled]
   enchantment spells [Basic]
   clerical spells    [Unskilled]
   escape spells      [Unskilled]
   matter spells      [Unskilled]

Voluntary challenges:
 Character rerolling was not enabled.
 You never genocided any monsters.
 You never polymorphed an object.
 You never changed form.
 You used 1 wish.
 You did not wish for any artifacts.
Achievements:
 You entered a shop.
 You attained the rank of Conjurer.
 You entered the Gnomish Mines.
 You attained the rank of Thaumaturge.
 You entered Minetown.
 You entered a temple.

 The Dungeons of Doom: levels 1 to 6
    Level 1:
       A sink.
    Level 2:
    Level 3:
    Level 4:
       A general store.
       Stairs down to The Gnomish Mines.
    Level 5:
       A throne.
    Level 6: <- You were here.
       Final resting place for
          you, killed by a fire ant.
 The Gnomish Mines: levels 5 to 8
    Level 5:
    Level 6:
    Level 7:
    Level 8:
       Many shops, a temple and an altar to Anhur, some fountains.


Vanquished creatures:
  a water demon
  a carnivorous ape
  2 wolves
  a leprechaun
  2 giant spiders
  a gnome ruler
  a dwarf mummy
  a gold golem
  2 dogs
  a housecat
  2 dwarf leaders
  a white unicorn
  a dust vortex
  2 ravens
  a plains centaur
  a gnome mummy
  a snake
  4 apes
  a rope golem
  2 fire ants
  3 bugbears
  a quasit
  6 Mordor orcs
  a rock piercer
  2 fog clouds
  2 yellow lights
  8 gnome leaders
  3 gnomish wizards
  2 elf zombies
  a ghoul
  a floating eye
  2 kittens
  8 dwarves
  2 kobold leaders
  a kobold shaman
  9 hill orcs
  4 rothes
  a giant bat
  2 orc zombies
  2 dwarf zombies
  a wererat
 an iguana
  8 coyotes
  2 hobbits
  a large kobold
  5 hobgoblins
  5 giant rats
  a cave spider
  a brown mold
  a yellow mold
  a red mold
 34 gnomes
  3 garter snakes
  6 geckos
  8 jackals
  a fox
  3 kobolds
  6 sewer rats
  9 grid bugs
  5 bats
  9 lichens
  3 newts
204 creatures vanquished.

No species were genocided or became extinct.

Game over:
                       ----------
                      /          \
                     /    REST    \
                    /      IN      \
                   /     PEACE      \
                  /                  \
                  |    Eisengrim     |
                  |      379 Au      |
                  | killed by a fire |
                  |       ant        |
                  |                  |
                  |                  |
                  |       2026       |
                 *|     *  *  *      | *
        _________)/\\_//(\/(/\)/\//\/|_)_______

Goodbye Eisengrim the Wizard...

You died in The Dungeons of Doom on dungeon level 6 with 9706 points,
and 379 pieces of gold, after 6198 moves.
You were level 8 with a maximum of 64 hit points when you died.

